 Dungeon Crawl Stone Soup version 0.26-a0-489-g112e8ad (webtiles) character file.

Game seed: 12618626940977456128

5028 relicbr the Geomancer (level 10, -10/68 HPs)
             Began as an Octopode Earth Elementalist on Aug 3, 2020.
             Was a Follower of Vehumet.
             Blown up by an eye of devastation (38 damage)
             ... with a bolt of energy
             ... in a bailey.
             The game lasted 00:28:39 (9544 turns).

relicbr the Geomancer (Octopode Earth Elementalist) Turns: 9544, Time: 00:28:40

Health: -10/68     AC:  1    Str:  7    XL:     10   Next: 55%
Magic:  1/19       EV: 20    Int: 20    God:    Vehumet [*.....]
Gold:   505        SH:  0    Dex: 14    Spells: 12/21 levels left

rFire    . . .     SeeInvis .   j - +1 short sword (elec)
rCold    + . .     Faith    .   (no shield)
rNeg     . . .     Spirit   .   (helmet restricted)
rPois    .         Reflect  .   (no amulet)
rElec    .         Harm     .   p - +4 ring of evasion
rCorr    .                      u - ring of protection from cold
MR       .....                  (no ring)
Stlth    +++.......             (no ring)
HPRegen  0.21/turn              (no ring)
MPRegen  0.16/turn              (no ring)
                                (no ring)
                                (no ring)

@: no status effects
A: almost no armour, stealthy swim, amphibious, 8 rings, constrict 8, camouflage
1, gelatinous body 1
a: Renounce Religion


You were in a bailey.
You worshipped Vehumet.
Vehumet was aware of your devotion.
You visited 2 branches of the dungeon, and saw 8 of its levels.
You also visited: Bailey.

You collected 505 gold pieces.

Inventory:

Hand Weapons
 j - a +1 short sword of electrocution (weapon)
 k - a +1 long sword of distortion
Missiles
 b - 33 stones
 s - 18 poisoned darts (quivered)
Jewellery
 p - a +4 ring of evasion (left tentacle)
 u - a ring of protection from cold (right tentacle)
Wands
 x - a wand of polymorph (5)
 y - a wand of flame (16)
Scrolls
 d - 3 scrolls of teleportation
 f - 2 scrolls of amnesia
 g - 6 scrolls of remove curse
 o - 4 scrolls of enchant weapon
 r - a scroll of acquirement {unknown}
 w - a scroll of blinking
Potions
 c - a potion of heal wounds
 e - 8 potions of curing
 h - a potion of resistance
 i - 2 potions of haste
 m - a potion of cancellation
 t - 2 potions of brilliance {unknown}
 z - a potion of magic {unknown}


   Skills:
 - Level 6.0 Fighting
 - Level 6.0 Dodging
 - Level 2.6 Stealth
 - Level 6.0 Spellcasting
 - Level 6.1 Conjurations
   Level 1.0 Transmutations
 * Level 9.8 Earth Magic


You had 12 spell levels left.
You knew the following spells:

 Your Spells              Type           Power        Failure   Level
a - Sandblast             Erth           #####.       1%          1
b - Stone Arrow           Conj/Erth      #####.       1%          3
c - Lee's Rapid Deconstr  Erth           #####.....   5%          5

Your spell library contained the following spells:

 Spells                   Type           Power        Failure   Level
 Shock                    Conj/Air       ###.         3%          1
 Passwall                 Tmut/Erth      ####....     1%          2
 Beastly Appendage        Tmut           ##....       7%          1
 Summon Small Mammal      Summ           #...         11%         1
 Wereblood                Tmut           ##......     11%         2
 Petrify                  Tmut/Erth      ####....     12%         4
 Call Imp                 Summ           #.......     16%         2
 Spider Form              Tmut/Pois      #.........   26%         3
 Call Canine Familiar     Summ           #.......     30%         3
 Summon Guardian Golem    Hex/Summ       #.......     30%         3
 Ice Form                 Ice/Tmut       #.......     63%         4
 Summon Ice Beast         Ice/Summ       #.......     71%         4
 Summon Lightning Spire   Summ/Air       #.......     71%         4
 Blade Hands              Tmut           ##........   88%         5


Dungeon Overview and Level Annotations

Branches:
Dungeon (7/15)             Temple (1/1) D:6          Bailey (1/1)

Altars:
Ashenzari
Cheibriados
Dithmenos
Elyvilon
Gozag
Makhleb
Nemelex Xobeh
Okawaru
Qazlal
Sif Muna
Trog
Vehumet
Xom
Yredelemnul
The Shining One

Annotations:
D:7 Joseph


Innate Abilities, Weirdness & Mutations

You cannot wear most types of armour.
You are very stealthy in the water. (Stealth+)
You are amphibious.
You can wear up to eight rings at the same time.
You can use your tentacles to constrict eight enemies at once.
Your skin changes colour to match your surroundings (Stealth+).
Your rubbery body absorbs attacks. (AC +1, EV +1)


Message History

Confirm with . or Enter, or press ? or * to list all spells.
Aiming: Sandblast (safe; 1% risk of failure)
Press: ? - help, Shift-Dir - straight line, f/p - eye of devastation
Aim: an eye of devastation (almost dead)
The blast of sand hits the eye of devastation.
The eye of devastation is almost dead.
b - 34 stones Unknown command.
Casting: Sandblast (safe; 1% risk of failure)
Confirm with . or Enter, or press ? or * to list all spells.
Aiming: Sandblast (safe; 1% risk of failure)
Press: ? - help, Shift-Dir - straight line, f/p - eye of devastation
Aim: an eye of devastation (almost dead)
The blast of sand hits the eye of devastation but does no damage.
The eye of devastation is almost dead.
b - 33 stones The eye of devastation gazes at you.
The bolt of energy hits you!!!
Ouch! That really hurt!
You die...

####### ############
########.....## ##....)...∩.##
#.....#.......######).).........#
'.....'..)...[#...)#).......)...#
'..)..'....)..)G@).').)))).)...∩#
'.....'.......#...)#[.)))))).)..#
#.....#.......######...)).......#
########.....## ##........∩.##
####### ############


You could see an eye of devastation.

Vanquished Creatures
  4 orc knights (Bailey)
  3 yaks
  A water moccasin (D:5)
  9 orc warriors
  3 ice beasts
  A phantom (D:6)
  An ogre (D:4)
  A necrophage (D:6)
  2 bullfrogs (D:6)
  A wyvern skeleton (D:7)
  A scorpion (D:4)
  4 wights (D:5)
  A howler monkey (D:6)
  A quasit (D:7)
  4 jellies
  4 orc priests
  A bullfrog skeleton (D:5)
  3 hounds
  4 iguanas
  3 worker ants
  3 orc wizards (D:6)
  A gnoll (D:1)
  10 adders
  2 shadow imps (D:6)
  A white imp (D:5)
  2 oozes
  An adder skeleton (D:6)
  2 worms
  4 dart slugs
  4 leopard geckos
  50 orcs
  6 giant cockroaches
  12 goblins
  12 hobgoblins
  11 jackals
  6 quokkas
  11 bats
  7 frilled lizards
  6 kobolds
  A leopard gecko skeleton (D:6)
  6 rats
210 creatures vanquished.

Notes
Turn   | Place    | Note
-------+----------+-------------------------------------------
     0 | D:1      | relicbr the Octopode Earth Elementalist began the quest for
                  | the Orb.
     0 | D:1      | Reached XP level 1. HP: 11/11 MP: 3/3
   179 | D:1      | Reached XP level 2. HP: 17/17 MP: 3/5
   694 | D:1      | Reached skill level 4 in Earth Magic
   823 | D:1      | Reached XP level 3. HP: 7/21 MP: 2/6
  1718 | D:2      | Reached XP level 4. HP: 22/27 MP: 3/7
  1909 | D:2      | Reached skill level 5 in Earth Magic
  2729 | D:3      | Reached XP level 5. HP: 26/31 MP: 8/8
  3001 | D:3      | Learned a level 3 spell: Stone Arrow
  3344 | D:3      | Reached skill level 6 in Earth Magic
  3962 | D:4      | Noticed an ogre
  3969 | D:4      | Killed an ogre
  3969 | D:4      | Reached XP level 6. HP: 36/36 MP: 3/11
  4538 | D:4      | Reached XP level 7. HP: 26/41 MP: 9/14
  4805 | D:4      | Found a shimmering altar of Xom.
  4828 | D:4      | Reached skill level 5 in Spellcasting
  5058 | D:5      | Entered Level 5 of the Dungeon
  5469 | D:5      | Reached skill level 1 in Conjurations
  5568 | D:5      | Reached XP level 8. HP: 42/46 MP: 7/17
  6457 | D:6      | Reached skill level 5 in Conjurations
  6457 | D:6      | Noticed a yak
  6471 | D:6      | Noticed a yak
  6487 | D:5      | Killed a yak
  6741 | D:6      | Noticed a yak
  6743 | D:6      | Killed a yak
  6755 | D:6      | Killed a yak
  6755 | D:6      | Reached skill level 5 in Dodging
  6755 | D:6      | Reached XP level 9. HP: 29/51 MP: 0/18
  7056 | D:6      | Learned a level 5 spell: Lee's Rapid Deconstruction
  7242 | D:6      | Reached skill level 1 in Fighting
  7470 | D:6      | Found a staircase to the Ecumenical Temple.
  7574 | Temple   | Entered the Ecumenical Temple
  7679 | Temple   | Became a worshipper of Vehumet
  8259 | D:7      | Noticed Joseph
  8411 | D:7      | Found a flagged portal.
  8425 | Bailey   | Entered a bailey
  8468 | Bailey   | Reached skill level 5 in Fighting
  8663 | Bailey   | Reached * piety under Vehumet
  8663 | Bailey   | Offered knowledge of Shock by Vehumet.
  8744 | Bailey   | Noticed an orc knight
  8768 | Bailey   | Killed an orc knight
  8768 | Bailey   | Reached skill level 7 in Earth Magic
  8768 | Bailey   | Reached XP level 10. HP: 38/68 MP: 1/19
  8970 | Bailey   | Reached skill level 8 in Earth Magic
  8990 | Bailey   | Noticed an orc knight
  9035 | Bailey   | Killed an orc knight
  9142 | Bailey   | Noticed an orc knight
  9171 | Bailey   | Killed an orc knight
  9171 | Bailey   | Reached skill level 9 in Earth Magic
  9335 | Bailey   | Noticed an orc knight
  9358 | Bailey   | Noticed an orc knight
  9359 | Bailey   | Killed an orc knight
  9531 | Bailey   | Noticed an eye of devastation
  9531 | Bailey   | an orc knight changed into an eye of devastation
  9544 | Bailey   | Blown up by an eye of devastation

Illustrated notes

Levels and vault maps discovered:
D:1:      minmay_arrival_semitransparent, layout_basic
D:2:      layout_basic
D:3:      layout_loops_ring
D:4:      layout_loops_ring, dk_xom_monty_hall
D:5:      layout_rooms, serial_co_window_serial, co_window_cross_1,
          co_window_paths_b, co_window_paths_a, co_window_paths_b,
          co_window_paths_a, co_window_2corner, co_window_cross_2,
          co_window_of_opportunity_b, co_window_broadway_a, co_window_corner_b,
          glass_columns_b, glass_columns_a, glass_columns_c, glass_columns_b,
          glass_columns_a
D:6:      layout_basic, minmay_temple_entry_junction, hangedman_glass_teeth
D:7:      layout_basic, enter_bailey_3, uniq_joseph, uniq_crazy_yiuf_cottage,
          uniq_pikel
Temple:   dpeg_five_rooms_temple
Bailey:   bailey_polearm_5, bailey

Skill      XL: |  1  2  3  4  5  6  7  8  9 10 |
---------------+-------------------------------+-----
Earth Magic    | 4 5 6 7 9 |  9.8
Spellcasting   | 3 4 6 |  6.0
Conjurations   | 2 6 |  6.1
Dodging        | 5 6 |  6.0
Fighting       | 6 |  6.0
Stealth        | |  2.6
Transmutations | |  1.0

Action                   |  1- 3 |  4- 6 |  7- 9 | 10-12 || total
-------------------------+-------+-------+-------+-------++-------
Melee: Unarmed           |     4 |       |       |       ||     4
       Dagger            |    27 |    12 |       |       ||    39
       Constrict         |     8 |    22 |    19 |     4 ||    53
       Hand axe          |     3 |       |       |       ||     3
       Tentacles         |     5 |    12 |     8 |     1 ||    26
       Short sword       |       |    78 |    68 |     7 ||   153
Throw: Dart              |       |     8 |    19 |     6 ||    33
       Stone             |       |       |     2 |       ||     2
 Cast: Sandblast         |    26 |    49 |   110 |     9 ||   194
       Stone Arrow       |       |       |    43 |    28 ||    71
Evoke: Wand              |       |       |    11 |    13 ||    24
  Use: Scroll            |       |     7 |     6 |       ||    13
       Potion            |       |       |       |     2 ||     2
 Stab: Sleeping          |     5 |     8 |     3 |       ||    16
       Distracted        |       |     1 |       |       ||     1
       Confused          |       |       |       |     1 ||     1
Armor: Skin              |     5 |     8 |     1 |       ||    14
Dodge: Dodged            |    36 |    72 |    90 |    11 ||   209

Table legend: (Time is in decaauts)
 A = Elapsed time spent in this place.
 B = Non-inter-level travel time spent in this place.
 C = Inter-level travel time spent in this place.
 D = Time resting spent in this place.
 E = Time spent auto-exploring this place.
 F = Levels seen in this place.
 G = Mean time per level.
                   A        B        C        D        E       F      G
               +--------+--------+--------+--------+--------+-----+--------+
         Total |   9569 |   9135 |    434 |   2557 |   4833 |   9 | 1063.2 |
       Dungeon |   8260 |   7900 |    360 |   1969 |   4688 |   7 | 1180.0 |
        Temple |    178 |    105 |     73 |      0 |    102 |   1 |  178.0 |
        Bailey |   1130 |   1130 |      0 |    588 |     43 |   1 | 1130.0 |
               +--------+--------+--------+--------+--------+-----+--------+

Top non-repeatable levels by time:
     D:6: 1729 daAuts
     D:1: 1651 daAuts
     D:5: 1404 daAuts
     D:4: 1190 daAuts
     D:3: 1156 daAuts
  Bailey: 1130 daAuts
     D:2: 1066 daAuts
  Temple: 178 daAuts
     D:7: 60 daAuts
